 Dungeon Crawl Stone Soup version 0.25-a0-246-g58704a1ebd (webtiles) character file.

Game seed: 16816939960441636977, levelgen mode: deterministic

84 Lanoc the Vexing (level 4, 0/36 HPs)
             Began as a Draconian Arcane Marksman on Dec 3, 2019.
             Slain by a gnoll (4 damage)
             ... on level 3 of the Dungeon.
             The game lasted 00:03:12 (1925 turns).

Lanoc the Vexing (Draconian Arcane Marksman)        Turns: 1925, Time: 00:03:13

Health: 0/36       AC:  5    Str: 12    XL:     4   Next: 23%
Magic:  5/5        EV: 13    Int: 13    God:
Gold:   79         SH:  0    Dex: 13    Spells: 4/5 levels left

rFire    . . .     SeeInvis .   a - +0 hand crossbow
rCold    . . .     Gourm    .   (no shield)
rNeg     . . .     Faith    .   (armour unavailable)
rPois    .         Spirit   .   (helmet restricted)
rElec    .         Reflect  .   (no cloak)
rCorr    .         Harm     .   (no gloves)
MR       .....                  (no boots)
Stlth    +.........             (no amulet)
HPRegen  0.12/turn              (no ring)
MPRegen  0.09/turn              (no ring)

@: no status effects
A: unfitting armour, cold-blooded, AC +5
a: no special abilities


You were on level 3 of the Dungeon.
You were not hungry.

You visited 1 branch of the dungeon, and saw 3 of its levels.

You collected 79 gold pieces.

Inventory:

Hand Weapons
 a - a +0 hand crossbow (weapon)
 b - a +0 dagger
Missiles
 c - 7 bolts (quivered)
 k - 40 stones
Scrolls
 e - a scroll of remove curse {unknown}
 m - 3 scrolls of amnesia {unknown}
 n - a scroll of teleportation {unknown}
 o - a scroll of identify {unknown}
 p - a scroll of magic mapping {unknown}
Potions
 f - a potion of degeneration {unknown}
 g - a potion of cancellation {unknown}
 h - a potion of might {unknown}
 i - 2 potions of agility {unknown}
 j - a potion of resistance {unknown}
 l - 2 potions of heal wounds {unknown}
 q - a potion of magic {unknown}
Comestibles
 d - 4 rations
 r - 2 chunks of flesh


   Skills:
 + Level 2.1 Fighting
 * Level 3.0 Crossbows
 + Level 2.4 Dodging
 - Level 1.0 Spellcasting
 + Level 3.1 Hexes


You had 4 spell levels left.
You knew the following spells:

 Your Spells              Type           Power        Failure   Level  Hunger
a - Corona                Hex            #......      8%          1    ##.....

Your spell library contained the following spells:

 Spells                   Type           Power        Failure   Level  Hunger
 Slow                     Hex            #.......     12%         2    ###....
 Inner Flame              Hex/Fire       #.......     41%         3    ####...
 Portal Projectile        Hex/Tloc       #.....       41%         3    ####...
 Cause Fear               Hex            #.........   61%         4    #####..
 Leda's Liquefaction      Hex/Erth       #.........   83%         4    #####..


Dungeon Overview and Level Annotations

Branches:
Dungeon (3/15)

Altars:
Cheibriados


Innate Abilities, Weirdness & Mutations

Your plain brown scales are hard. (AC +5)
You cannot fit into any form of body armour.
You are cold-blooded and may be slowed by cold attacks.


Message History

The gnoll completely misses you.
The orc wizard hits you but does no damage.
The gnoll throws a throwing net.
The throwing net hits you.
You become entangled in the net!
You see here a throwing net.
You tear a large gash into the net.
The orc wizard hits you but does no damage.
You struggle against the net.
The orc wizard points at you and mumbles some strange words.
The puff of frost hits you.
The gnoll hits you from afar with a +0 spear!
You struggle against the net.
The gnoll hits you!
The gnoll hits you from afar with a +0 spear!
* * * LOW HITPOINT WARNING * * *
The gnoll hits you from afar with a +0 spear.
* * * LOW HITPOINT WARNING * * *
The orc wizard hits you but does no damage.
Unknown command.
You rip the net and break free!
The gnoll hits you.
You die...

#.# #.......# #.#
#.......# ##.
#.######.......# #..
#.#......)#.#.## #.#
#.#.####.##.##.## #.#
#.#....>....###.###.#
######.#..............##.#
..........#........#..##.#
######.#........@.....##.#
#.#..#....go........#
#.#...#.#.gg.##..####
#........(.o###..#
.........#.(.....#
########.##.###### ..#...#
≈. #...# ........(.#


You could see an orc priest, an orc wizard and 3 gnolls.

Vanquished Creatures
  A gnoll (D:3)
  2 adders (D:2)
  A worm (D:2)
  A dart slug (D:2)
  2 leopard geckos
  An orc (D:3)
  A giant cockroach (D:1)
  7 goblins
  7 hobgoblins
  5 jackals
  5 bats
  A frilled lizard (D:1)
  6 kobolds (D:1)
  6 rats
46 creatures vanquished.

Notes
Turn   | Place    | Note
-------+----------+-------------------------------------------
     0 | D:1      | Lanoc the Draconian Arcane Marksman began the quest for the
                  | Orb.
     0 | D:1      | Reached XP level 1. HP: 16/16 MP: 2/2
   142 | D:1      | Reached XP level 2. HP: 17/23 MP: 3/3
   653 | D:1      | Reached XP level 3. HP: 20/29 MP: 4/4
  1728 | D:2      | Reached XP level 4. HP: 29/36 MP: 5/5
  1746 | D:2      | Found a snail-covered altar of Cheibriados.
  1925 | D:3      | Slain by a gnoll

Levels and vault maps discovered:
D:1:      dpeg_arrival_rhombus, layout_basic, chequers_serial_rivers_marsh,
          chequers_serial_rivers_micro_c, hangedman_decor_clover_reticule,
          nrook_mini_vaults, minmay_misc_feat_more_columns
D:2:      layout_basic, kennysheep_slug_shrine
D:3:      cheibrodos_pilgrimage, layout_loops_cross,
          nicolae_overflow_hidden_temple, first_ration

Skill      XL: |  1  2  3  4 |
---------------+-------------+-----
Crossbows      | 2 3 |  3.0
Dodging        | 2 |  2.4
Hexes          | 3 |  3.1
Fighting       | 2 |  2.1
Spellcasting   | |  1.0

Action                   |  1- 3 |  4- 6 || total
-------------------------+-------+-------++-------
Melee: Dagger            |   185 |     6 ||   191
       Unarmed           |     3 |       ||     3
       Tailslap          |    15 |     1 ||    16
 Fire: Hand crossbow     |    18 |    11 ||    29
 Stab: Sleeping          |     1 |       ||     1
  Eat: Chunk             |     1 |     2 ||     3
Armor: Skin              |    75 |     5 ||    80
Dodge: Dodged            |   154 |     9 ||   163

Table legend:
 A = Non-vault XP
 B = Vault XP
 C = Vault XP percentage of total XP
 D = Non-vault monster count
 E = Vault monster count
 F = Vault count percentage of total count
                 A         B        C        D         E       F
            +---------+---------+-------+---------+---------+-------
      Total |     113 |       7 |   5.8 |      44 |       2 |   4.3
            +---------+---------+-------+---------+---------+-------
        D:1 |      43 |       0 |   0.0 |      27 |       0 |   0.0
        D:2 |      54 |       4 |   6.9 |      15 |       1 |   6.2
        D:3 |      16 |       3 |  15.8 |       2 |       1 |  33.3
            +---------+---------+-------+---------+---------+-------
